Cogmind - Beta 14 @@@ ROGUE MODE // 2025.03.17 @ 16:25:48 Player: Zoe Result: Destroyed by S-10 Pest with Light Assault Rifle Performance ------------- Evolutions (0) 0 Regions Visited (2) 400 Robots Destroyed (22) 110 Value Destroyed (571) 571 Prototype IDs (0) 0 Alien Tech Used (0) 0 Bonus (0) 0 TOTAL SCORE: 1081 Bonus ------- None Cogmind --------- Core Integrity 0/250 Matter 278/300 Energy 148/250 System Corruption 1% Temperature Cool (0) Movement Walking (120) Location -10/Mines Parts ------- > --- POWER (1) -------- Ion Engine > --- PROPULSION (2) --- Aluminum Leg Aluminum Leg > --- UTILITY (2) ------ Small Storage Unit Signal Interpreter > --- WEAPON (2) ------- Light Assault Rifle Hammer > --- INVENTORY (8) ---- Light Nuclear Core Aluminum Leg Aluminum Leg Cooling System Light Assault Rifle Peak State ------------ > --- POWER ------------ Light Nuclear Core > --- PROPULSION ------- Aluminum Leg Aluminum Leg > --- UTILITY ---------- Improved Heat Sink Small Storage Unit > --- WEAPON ----------- Particle Gun Light Assault Rifle > --- INVENTORY -------- Ion Engine Light Nuclear Core Aluminum Leg Aluminum Leg Aluminum Leg Aluminum Leg Aluminum Leg Medium Laser [Rating: 13] Favorites ----------- Power Light Nuclear Core Engine Ion Engine Power Core Light Nuclear Core Propulsion Aluminum Leg Leg Aluminum Leg Utility Small Storage Unit Device Sensor Array Storage Small Storage Unit Processor Signal Interpreter Weapon Light Assault Rifle Energy Gun Medium Laser Ballistic Gun Light Assault Rifle Impact Weapon Hammer Build | -11 -10 -10 ------- Run | Yrd Mat Min Slots Evolved . | . . . Power . | . . . Propulsion . | . . . Utility . | . . . Weapon . | . . . Parts Attached 30 | 6 20 4 Power 6 | 1 4 1 Engine 3 | 1 1 1 Core 3 | . 3 . Reactor . | . . . Propulsion 12 | 2 8 2 Treads . | . . . Leg 12 | 2 8 2 Wheel . | . . . Hover . | . . . Flight . | . . . Utility 5 | 1 4 . Device 3 | . 3 . Storage 1 | 1 . . Processor 1 | . 1 . Hackware . | . . . Protection . | . . . Artifact . | . . . Weapon 7 | 2 4 1 Energy Gun 3 | 1 2 . Energy Cannon . | . . . Ballistic Gun 3 | 1 1 1 Ballistic Cannon . | . . . Launcher . | . . . Special Weapon . | . . . Impact Weapon 1 | . 1 . Slashing Weapon . | . . . Piercing Weapon . | . . . Special Melee Weapon . | . . . Unidentified Prototypes . | . . . Parts Lost 6 | . 3 3 Power 1 | . . 1 Propulsion 2 | . . 2 Utility 1 | . 1 . Weapon 2 | . 2 . Highest Loss Streak 3 | . 2 3 To Critical Strikes . | . . . Average Slot Usage (%) 93 | . 91 98 Engine 1 | . 1 . Core 12 | . 12 13 Leg 27 | . 27 28 Device 2 | . 3 . Storage 14 | . 14 14 Processor 7 | . 5 14 Energy Gun 8 | . 11 . Ballistic Gun 10 | . 10 12 Impact Weapon 6 | . 3 14 Peak Build Rating 13 | 6 13 10 Average Rating 9 | 4 9 9 On Entrance 5 | . 6 9 Naked Turns . | . . . Heaviest Build 15 | 11 15 13 Greatest Support 20 | 20 20 20 Greatest Overweight (x) 1 | . 1 . Average Overweight (x) . | . . . Largest Inventory Capacity 8 | 8 8 8 Average Capacity 7 | 7 8 8 Most Carried 8 | . 8 8 Average Carried 6 | . 5 7 Final Capacity 8 | 8 8 8 Final Carried 8 | . 8 5 Class Distribution -------------------- 65% | Scavenger-Mutant 34% | Mutant Dominant Class ---------------- Scavenger-Mutant | -10/Materials Scavenger-Mutant | -10/Mines Resources | -11 -10 -10 ----------- Run | Yrd Mat Min Matter Collected 525 | 218 297 10 Remotely . | . . . Salvage Created 686 | . 635 51 Parts 48 | . 40 8 Haulers Intercepted . | . . . Recyclers Shooed 1 | . . 1 Parts Field Recycled . | . . . Retrieved Matter . | . . . Parts Self-Destructed . | . . . Prevented . | . . . Kills | -11 -10 -10 ------- Run | Yrd Mat Min Combat Hostiles Destroyed 17 | . 13 4 Melee 6 | . 3 3 Guns 9 | . 9 . Classes Destroyed 5 | . 4 1 Worker 2 | . 2 . Operator 1 | . 1 . Watcher 2 | . 2 . Swarmer 4 | . . 4 Grunt 13 | . 13 . Best Kill Streak 6 | . 6 1 Combat Bots Only 4 | . 4 1 Max Kills in Single Turn 1 | . 1 1 Gunslinging . | . . . Exploded . | . . . Melee 1 | . 1 1 Uniques/NPCs Destroyed . | . . . Combat | -11 -10 -10 -------- Run | Yrd Mat Min Hostile Shots Fired 150 | . 72 78 Missed 39 | . 18 21 Damage Taken 1089 | . 637 452 Core 252 | . 143 109 Absorbed by Shields . | . . . Core Remaining (%) 100 | 100 . . Volleys Fired 60 | . 58 2 Largest 2 | . 2 1 Hottest 85 | . 85 20 Shots Fired 116 | . 114 2 Gun 116 | . 114 2 Cannon . | . . . Launcher . | . . . Special . | . . . Kinetic 60 | . 58 2 Thermal 56 | . 56 . Explosive . | . . . Electromagnetic . | . . . Robot Hit Streak 9 | . 9 1 Robot Miss Streak 6 | . 5 6 Penetration Max . | . . . Secondary Targets 1 | . 1 . Max Gunslinging Chain 1 | . 1 . Shots Hit Robots 87 | . 77 10 Core Hits 33 | . 31 2 Critical Kills 2 | . 1 1 Critical Parts Destroyed 3 | . 2 1 Critical Strikes 5 | . 3 2 Destroy 1 | . 1 . Smash 4 | . 2 2 Melee Attacks 33 | . 12 21 Impact 33 | . 12 21 Slashing . | . . . Piercing . | . . . Sneak Attacks 4 | . 2 2 Combat Hostiles 1 | . . 1 Follow-up Attacks . | . . . Damage Inflicted 1350 | . 1064 286 Guns 711 | . 703 8 Cannons . | . . . Explosions . | . . . Melee 639 | . 361 278 Ramming . | . . . Kinetic 295 | . 287 8 Thermal 416 | . 416 . Explosive . | . . . Electromagnetic . | . . . Impact 639 | . 361 278 Slashing . | . . . Piercing . | . . . Highest Corruption 1 | . 1 1 Average Corruption 1 | . 1 1 Corruption Purged . | . . . Corruption Blocked . | . . . Effects 8 | . 5 3 Message Errors 2 | . 2 . Matter Fused 2 | . 2 . Heat Flow Errors 2 | . . 2 Energy Discharges 2 | . 1 1 Overload Shots . | . . . Overflow Damage 98 | . 72 26 Projectiles . | . . . Explosions . | . . . Melee 98 | . 72 26 Knockbacks 5 | . 3 2 Impact 4 | . 2 2 Kinetic . | . . . Secondary 1 | . 1 . Self-Inflicted Damage . | . . . Shots . | . . . Rammed . | . . . Targets Rammed . | . . . Kicked . | . . . Crushed . | . . . Highest Temperature 258 | . 258 191 Average Temperature 80 | . 79 90 Received Heat Transfer 378 | . 378 . Siege Activations . | . . . Robots Corrupted 2 | . 1 1 Combat Hostiles 2 | . 1 1 Parts Fried 2 | . 1 1 Impact Corruptions 6 | . 4 2 Robots Melted . | . . . Combat Hostiles . | . . . Parts Melted . | . . . Heat Transferred 1147 | . 1147 . Parts Sabotaged . | . . . Parts Stolen . | . . . Parts Stripped . | . . . Power Chain Reactions . | . . . Alert | -11 -10 -10 ------- Run | Yrd Mat Min Peak Influence 189 | . 179 189 Initial 69 | . . 69 Average 108 | . 107 128 Maximum Alert Level . | . . . Low Security (%) 100 | 100 100 100 Level 1 . | . . . Level 2 . | . . . Level 3 . | . . . Level 4 . | . . . Level 5 . | . . . High Security . | . . . Max Security . | . . . Squads Dispatched 4 | . 4 . Investigation 2 | . 2 . Extermination . | . . . Reinforcement 2 | . 2 . Assault . | . . . Garrison . | . . . Intercept . | . . . Searches Triggered . | . . . Construction Impeded . | . . . Haulers Reinforced . | . . . Active Scanning Responses . | . . . Cargo Convoy Interrupts . | . . . Stealth | -11 -10 -10 --------- Run | Yrd Mat Min Distress Signals 2 | . 2 . Communications Jammed . | . . . Distress Signals . | . . . Times Spotted 34 | . 25 9 Peak Tracking Total 5 | . 5 3 Tactical Retreats 2 | . 1 1 Traps | -11 -10 -10 ------- Run | Yrd Mat Min Traps Triggered 3 | . 3 . Indirectly . | . . . Trap Hack Attempts . | . . . Triggered . | . . . Disarmed . | . . . Reprogrammed . | . . . Reused . | . . . Traps Extracted . | . . . Installed . | . . . Triggered . | . . . Machines | -11 -10 -10 ---------- Run | Yrd Mat Min Machines Disabled . | . . . Max in Single Turn . | . . . Machines Repaired . | . . . Machines Dismantled . | . . . Machines Sabotaged . | . . . Overloaded Fab Kills . | . . . Hacking | -11 -10 -10 --------- Run | Yrd Mat Min Machines Accessed 6 | . 6 . Terminals 5 | . 5 . Fabricators . | . . . Repair Stations 1 | . 1 . Recycling Units . | . . . Scanalyzers . | . . . Garrison Access . | . . . Total Hacks 10 | . 10 . Successful 3 | . 3 . Failed 7 | . 7 . Catastrophic 4 | . 4 . Database Lockouts . | . . . Manual 7 | . 7 . Terminals 8 | . 8 . Fabricators . | . . . Repair Stations 2 | . 2 . Recycling Units . | . . . Scanalyzers . | . . . Garrison Access . | . . . Terminal Hacks 2 | . 2 . Branch Access Points 1 | . 1 . Alert Level 1 | . 1 . Fabricator Hacks . | . . . Repair Station Hacks 1 | . 1 . Scan Component 1 | . 1 . Recycling Unit Hacks . | . . . Scanalyzer . | . . . Garrison Access Hacks . | . . . Unauthorized Hacks . | . . . Terminals . | . . . Fabricators . | . . . Repair Stations . | . . . Recycling Units . | . . . Scanalyzers . | . . . Garrison Access . | . . . Data Cores Recovered . | . . . Used . | . . . Hacking Detections 6 | . 6 . Full Trace Events 2 | . 2 . Feedback Events 1 | . 1 . Corruption 1 | . 1 . Feedback Blocked . | . . . Robot Schematics Acquired . | . . . Robots Built . | . . . Authchips . | . . . Time . | . . . Total Robot Build Rating . | . . . Part Schematics Acquired . | . . . Parts Built . | . . . Authchips . | . . . Time . | . . . Total Part Build Rating . | . . . Parts Repaired . | . . . Time . | . . . Parts Recycled . | . . . Recycled Matter . | . . . Retrieved Matter . | . . . Retrieved Components . | . . . Parts Scanalyzed . | . . . Part Schematics Acquired . | . . . Parts Damaged . | . . . Bothacking | -11 -10 -10 ------------ Run | Yrd Mat Min Used RIF Installer . | . . . Robots Hacked . | . . . Non-combat . | . . . Combat . | . . . Robot Hacks Applied . | . . . Relay Couplers Released . | . . . Fabnet Peak Effective % . | . . . Robots Rewired . | . . . Allies Hacked . | . . . Hacks Repelled . | . . . Allies | -11 -10 -10 -------- Run | Yrd Mat Min Total Allies . | . . . Largest Group . | . . . Highest-Rated Group . | . . . Highest-Rated Ally . | . . . Total Orders . | . . . Ally Attacks . | . . . Total Damage . | . . . Kills . | . . . Allies Corrupted . | . . . Allies Melted . | . . . Intel | -11 -10 -10 ------- Run | Yrd Mat Min Robot Analysis Total . | . . . Derelict Logs Recovered . | . . . Drone Launches . | . . . Drone Recoveries . | . . . Exploration | -11 -10 -10 ------------- Run | Yrd Mat Min Turns Passed 1502 | 60 1090 352 Spaces Moved 945 | 48 660 237 Core 9 | 9 . . Treads . | . . . Legs 936 | 39 660 237 Wheels . | . . . Hover . | . . . Flight . | . . . Fastest Speed 50 | 50 120 120 Average Speed 119 | 106 120 120 Slowest Speed 190 | 120 190 120 Overloaded Moves . | . . . Propulsion Burnouts . | . . . Robots Hopped . | . . . Cave-ins Triggered . | . . . Exploration Rate (%) 42 | 4 76 46 Regions Visited 2 Branch Regions 1 Pre-discovered Areas . | . . . Known Exits Taken 1 | . 1 . Unknown Exits Taken 1 | 1 . . Scrap Searched . | . . . Spaces Dug . | . . . Terrain Destroyed . | . . . Melee . | . . . Projectile . | . . . AOE . | . . . Terrain Rammed . | . . . Walls Destroyed . | . . . Machines Disabled . | . . . Actions | -11 -10 -10 --------- Run | Yrd Mat Min Total 1146 | 53 826 267 Wait 70 | . 69 1 Move 943 | 47 659 237 Hop . | . . . Pick Up 5 | . 4 1 Fast Attach 14 | 6 7 1 Attach 4 | . 1 3 Detach . | . . . Swap 12 | . 12 . Drop 5 | . 4 1 Fire 60 | . 58 2 Melee 33 | . 12 21 Ram . | . . . Kick . | . . . Crush . | . . . Escape Stasis . | . . . Rewire . | . . . Trap . | . . . Miscellaneous . | . . . Route ------- -11/Scrapyard -10/Materials (discovered 4 exits: *Mat x2 / *Min x2) -10/Mines (discovered 1 exit: *Mat) History --------- Turn | Location | Event 4 | -11/Scrapyard | Discovered new exit (range 15) 61 | -11/Scrapyard | Entered Materials 136 | -10/Materials | Discovered new exit (range 13) 310 | -10/Materials | Build established: Mutant 472 | -10/Materials | Discovered new exit (range 9) 639 | -10/Materials | Discovered new exit (range 16) 726 | -10/Materials | Identified exit to Materials 810 | -10/Materials | Build established: Scavenger-Mutant 882 | -10/Materials | Identified exit to Mines 888 | -10/Materials | Discovered exit to Materials (range 11) 900 | -10/Materials | Core integrity fell below 50% 1151 | -10/Materials | Entered Mines 1302 | -10/Mines | Discovered exit to Materials (range 8) 1470 | -10/Mines | Core integrity fell below 20% 1503 | -10/Mines | Destroyed by S-10 Pest with Light Assault Rifle Last Messages --------------- 01195_ Acquired 2 matter. 01196_ System corrupted: Heat flow error (+161). 01208_ Sneak attack on R-06 Scavenger. 01208_ R-06 Scavenger knocked back. 01302_ EXIT=FOUND: MATERIALS 01353_ System corrupted: Energy discharge (-48). 01443_ S-10 Pest: "SECOND INTRUDER APPROACHING. ELIMINATE." 01460_ System corrupted: Heat flow error (+207). 01468_ Aluminum Leg destroyed. 01473_ S-10 Pest destroyed. 01479_ R-06 Scavenger collects Flight Unit. 01483_ R-06 Scavenger collects Lgt. Ion Engine. 01487_ Lgt. Nuclear Core destroyed. 01493_ Aluminum Leg destroyed. 01498_ Destroyed Flight Unit. 01498_ S-10 Pest system corrupted by crushing effect. 01498_ S-10 Pest misfires. 01499_ S-10 Pest system terminally corrupted. Map ----- +----------------------------------------------------+ | ????????????# ?????????????# ## | | ????????????# ??????????????#### # | | ???????????## ?????????????????# ## | | ???????????# $ ?????????????????# ### ### | | ???????????? #????????????????## ######?# | | ???????????? ##???????????????# #??# | | ????????????# ##??????????????# #??# | | ????????????# #??????????????# #??# | | ????????????# #??????????????# #??## | | ????????????# #??????????????#=% = =#???? | | ???????????## #??????????????# *%* =#???? | | ???????????# #??????????????########???? | | ???????????# #??????????????????????????? | | ???????????# ##??????????????????????????? | | ???????????## #???????????????????????????? | | ????????????## #????????????????????????#### | | ?????????????## ##???????????????????????## # | | ??????????????# #???????????????????###### | | ??????????????# #??????????????????## | | ??????????????# #??????####???????## | | ??????????????# #???### ##?????## | | ??????????????# #??## #????## | | ??????????????# #??# #????# | | ?????????????## #??# #?????# | | ????????????## ##?#= #??????## # | | ????????????# ###%@ s##??????## ###### | | ????????????# r [%##?????### ##????? | | ????????????# ##????## ##????? | | ???????????## ###??# ##???? | | ???????????# #### #???? | | ???????????# ## ## #???? | | ???????????## ### #???? | | ????????????#### #?# ##### | | ???????????????#### ## ##?# | | ??????????????????## ##############??# | | ???????????????????#####???????????????######## | | ??????????????????????????????????????????????? | | | | | | | | | | | | | | | | | | | | | | | | | | | +----------------------------------------------------+ Best States ------------- Heat Dissipation 39 Energy Generation 14 Energy Capacity 250 Matter Stores 300 Matter Capacity 300 Sight Range 16 Robot Scan Range 14 Terrain Scan Density 10 Evasion (%) 55 Item Schematics ----------------- None Robot Schematics ------------------ None Fabricated ------------ Nothing Alien Tech Used ----------------- None Achievements -------------- None Challenges ------------ None Game ------ Seed AnalysisOvertunedLink Manual? 0 Play Time 00:18:22 Cumulative 55.0 hours Start 2025.03.17 @ 15:11:14 End 2025.03.17 @ 16:25:48 Sessions 2 Manual Loads 0 Difficulty Rogue Special Mode None Game No. 33 Rogue 33 Adventurer 0 Explorer 0 Win Type - Total 0 Types 0/0/0/0/0/0/0/0/0 Lore% 23 Gallery% 42 Achievement% 43 Wizard Run 0 Options --------- Layout 1 ASCII 0 Keyboard 1 Movement Numpad Keybinds 0 Fullscreen 1 Font 24/Smallcaps Map View 50x35 Zoom Use 0% Tactical HUD 1 Map Filters NONE Filters NONE Steam 1 RUN: 492546f1-0d63-431e-ad89-2cff6db64b1a